 Dungeon Crawl Stone Soup version 0.27.0-65-ge2af304b15 (webtiles) character file.

Game seed: 10497539990949978373

95 Malachi the Insei (level 4, -2/34 HPs)
             Began as a Djinni Transmuter on Aug 19, 2021.
             Slain by Grinder (6 damage)
             ... on level 3 of the Dungeon.
             The game lasted 00:03:43 (3633 turns).

Malachi the Insei (Djinni Transmuter)               Turns: 3633, Time: 00:03:44

Health: -2/34      AC:  2    Str:  7 (9)  XL:     4   Next: 97%
Gold:   53         EV: 12    Int: 13 (16) God:
                   SH:  5    Dex: 12 (13)

rFire    + . .     SeeInvis .     - Unarmed
rCold    x . .     Faith    .   d - +1 buckler of Deseid {rF- Regen+ rCorr Slay+3}
rNeg     . . .     Spirit   .   a - +0 robe
rPois    ∞         Reflect  .   (helmet currently unavailable)
rElec    .         Harm     .   (no cloak)
rCorr    +         Rampage  .   (no gloves)
Will     .....                  (boots unavailable)
Stlth    +.........             (no amulet)
HPRegen  1.11/turn              (no ring)
MPRegen  0.00/turn              (no ring)

@: appendages (expiring), flying
A: horns 2, flying, sickness immunity, fire resistance 2, cold vulnerability 1,
float, innate caster, hp casting, extra vitality 1
a: End Transformation


You were on level 3 of the Dungeon.
You had temporarily grown beastly horns.
You visited 1 branch of the dungeon, and saw 3 of its levels.

You collected 53 gold pieces.

Inventory:

Armour
 a - a +0 robe (worn)
 d - the +1 buckler of Deseid (worn) {rF- Regen+ rCorr Slay+3}
   (You acquired it on level 2 of the Dungeon)

   Slay:      It affects your accuracy & damage with ranged weapons and melee
   (+3).
   rF:        It makes you vulnerable to fire.
   Regen:     It increases your rate of health regeneration.
   rCorr:     It protects you from acid and corrosion.
Scrolls
 e - a scroll of torment {unknown}
 f - a scroll of fog {unknown}
Potions
 c - a potion of resistance


   Skills:
 - Level 2.5 Fighting
 - Level 2.1 Dodging
 * Level 2.1 Shields
 - Level 3.0 Unarmed Combat
 - Level 2.4 Spellcasting


You couldn't memorise any spells.
You knew the following spells:

 Your Spells              Type           Power      Damage    Failure   Level
a - Beastly Appendage     Tmut           14%        N/A       12%         1
b - Wereblood             Tmut           7%         N/A       17%         2
c - Spider Form           Tmut/Pois      3%         N/A       34%         3
d - Ice Form              Ice/Tmut       7%         N/A       75%         4
e - Apportation           Tloc           14%        N/A       12%         1
Your spell library was empty.

Dungeon Overview and Level Annotations

Branches:
Dungeon (3/15)

Altars:

Shops:
D:2 [

Annotations:
D:3 Grinder


Innate Abilities, Weirdness & Mutations

You have temporarily grown beastly horns.
You are flying.
You are immune to sickness and miasma.
You are immune to poison.
Your flesh is very heat resistant. (rF++)
You are vulnerable to cold. (rC-)
You float through the air rather than walking.
You learn spells naturally, not from books.
Your magical power is your life essence.
You have superior vitality. (+4 HP)


Message History

Grinder is nearby!
You aren't carrying any items that you can evoke.
It was a potion of degeneration.
There was something very wrong with that liquid.
You feel weakened.
You feel dopey.
You feel clumsy. Grinder gestures at you. You resist with significant effort.
It was a potion of curing.
You feel better. Grinder gestures at you. Pain shoots through your body!
It was a potion of heal wounds.
You feel much better.
You hit Grinder.
Grinder is lightly wounded.
Grinder hits you!
Casting: Beastly Appendage (safe; 12% risk of failure)
Confirm with . or Enter, or press ? or * to list all spells.
You grow a pair of large bovine horns.
Grinder blinks!
Grinder gestures at you.
You barely resist. You hit Grinder.
Grinder is lightly wounded.
Grinder gestures at you.
You suddenly lose the ability to move!
Your transformation is almost over.
Grinder hits you but does no damage. Grinder hits you! Grinder gestures at you.
You resist with significant effort. Grinder hits you!
You can move again.
You hit Grinder. Your headbutt misses Grinder.
Grinder is moderately wounded.
You hit Grinder. You headbutt Grinder.
Grinder is moderately wounded.
Grinder hits you!
* * * LOW HITPOINT WARNING * * *
Grinder hits you.
* * * LOW HITPOINT WARNING * * *
You writhe in agony.
You die...

#. .# .#
#.##.######. ..
.###........)..#
#.#.....#........##
....... ...#####.#
.....# ## . ##.
#.... .# .. ##.
#..####5.## .#.#
#.. .....(.@#.#...
###.. #..####..##.#
#.... #.....# #....
#.##.### #....
#.###.###### ##...
##...(.....# #...
#.##.####.# #.## #.
#.##.# #(# #.# ###.
#.##.# #.# #.#


You could see Grinder.

Vanquished Creatures
  Jessica (D:3)
  An adder (D:3)
  3 worms (D:2)
  A dart slug (D:3)
  5 endoplasms
  2 giant cockroaches (D:1)
  2 goblins
  6 hobgoblins
  2 jackals (D:1)
  5 quokkas
  5 ball pythons
  3 bats (D:1)
  4 frilled lizards
  3 kobolds
  5 rats
48 creatures vanquished.

Notes
Turn   | Place    | Note
-------+----------+-------------------------------------------
     0 | D:1      | Malachi the Djinni Transmuter began the quest for the Orb.
     0 | D:1      | Reached XP level 1. HP: 17/17 MP: 0/0
   448 | D:1      | Reached XP level 2. HP: 19/22 MP: 0/0
  1550 | D:1      | Reached XP level 3. HP: 9/28 MP: 0/0
  1550 | D:1      | Learned a level 1 spell: Apportation
  2592 | D:2      | Found Kykor's Antique Armour Boutique.
  2797 | D:2      | Reached XP level 4. HP: 31/34 MP: 0/0
  3131 | D:2      | Found a faded altar of an unknown god.
  3259 | D:2      | Identified a scroll of acquirement
  3259 | D:2      | Acquired the +1 buckler of Deseid {rF- Regen+ rCorr Slay+3}
  3411 | D:3      | Reached skill level 1 in Shields
  3466 | D:3      | Noticed Jessica
  3485 | D:3      | Killed Jessica
  3618 | D:3      | Noticed Grinder
  3627 | D:3      | Paralysed by Grinder for 5 turns
  3633 | D:3      | Slain by Grinder

Illustrated notes

Levels and vault maps discovered:
D:1:      heliophobic_arrival_dark_side_of_the_moon, layout_basic
D:2:      layout_basic, serial_shops, shop, hellmonk_ecumenical_altar_zigzags
D:3:      layout_loops_ring, uniq_grinder, uniq_jessica

Skill      XL: |  1  2  3  4 |
---------------+-------------+-----
Spellcasting   | 2 |  2.4
Fighting       | 2 |  2.5
Shields        | 2 |  2.1
Dodging        | |  2.1
Unarmed Combat | |  3.0

Action                   |  1- 3 |  4- 6 || total
-------------------------+-------+-------++-------
Melee: Unarmed           |   117 |    32 ||   149
       Headbutt          |     8 |     5 ||    13
       Punch             |     1 |       ||     1
 Cast: Beastly Appendage |    13 |     6 ||    19
       Spider Form       |    10 |     1 ||    11
  Use: Scroll            |     1 |     1 ||     2
       Potion            |       |     3 ||     3
 Stab: Sleeping          |     1 |     1 ||     2
Armor: Robe              |    22 |     3 ||    25
       Skin              |     2 |       ||     2
Dodge: Dodged            |    72 |    13 ||    85
Block: Buckler           |       |     4 ||     4
